 Dungeon Crawl Stone Soup version 0.29.1-1-gd02db6906a (webtiles) character file.

Game seed: 15664820118508618782

6490 Tiocfaidh the Carver (level 11, -9/58 HPs)
             Began as a Vine Stalker Gladiator on Sept 22, 2022.
             Was an Initiate of Gozag.
             Mangled by a freezing wraith (25 damage)
             ... on level 9 of the Dungeon.
             The game lasted 00:45:32 (8503 turns).

Tiocfaidh the Carver (Vine Stalker Gladiator)       Turns: 8503, Time: 00:45:33

Health: -9/58      AC: 14    Str: 19 (22) XL:     11   Next: 0%
Magic:  0/12       EV: 10    Int:  7 (8)  God:    Gozag
Gold:   1728       SH:  0    Dex: 19 (21) Spells: 10/10 levels left

rFire   + . .      SeeInvis +   s - +7 great sword
rCold   x . .      Faith    .   (shield currently unavailable)
rNeg    . . .      Spirit   +   w - +1 chain mail of Nitaax {rF+ rC- rCorr}
rPois   .          Reflect  .   a - +0 helmet
rElec   .          Harm     .   j - +0 cloak
rCorr   +          Rampage  .   (no gloves)
Will    ++...                   y - +0 pair of boots
Stlth   ..........              (no amulet)
HPRegen 0.99/turn               r - ring of see invisible
MPRegen 0.13/turn               u - +6 ring of dexterity

@: about to teleport
A: fangs 3, regeneration 1, magic shield, antimagic bite, no potion heal 2,
strong-willed 1
a: Renounce Religion, Potion Petition, Call Merchant, Bribe Branch


You were on level 9 of the Dungeon.
You worshipped Gozag.
Gozag was most pleased with you.
You visited 1 branch of the dungeon, and saw 9 of its levels.

You collected 1800 gold pieces.
You spent 24 gold pieces at shops.
You paid 48 gold pieces to Gozag.

Inventory:

Hand Weapons
 s - a +7 great sword (weapon)
Missiles
 q - 4 poisoned darts
 A - a javelin (quivered)
Armour
 a - a +0 helmet (worn)
 h - a scarf of resistance
 j - a +0 cloak (worn)
 w - the +1 chain mail of Nitaax (worn) {rF+ rC- rCorr}
   (You took it off an orc warrior on level 9 of the Dungeon)

   rF:        It protects you from fire.
   rC:        It makes you vulnerable to cold.
   rCorr:     It protects you from acid and corrosion.
 y - a +0 pair of boots (worn)
Jewellery
 e - a ring of magical power
 r - a ring of see invisible (left hand)
 t - a ring of resist corrosion
 u - a +6 ring of dexterity (right hand)
 E - a ring of protection from cold
Wands
 c - a wand of digging (5)
 z - a wand of charming (17)
 D - a wand of light (6)
Scrolls
 d - a scroll of blinking {unknown}
 o - a scroll of enchant armour {unknown}
 v - a scroll of fear {unknown}
 C - a scroll of magic mapping {unknown}
Potions
 b - a potion of haste {unknown}
 f - 2 potions of degeneration
 g - a potion of might
 i - 4 potions of curing
 k - a potion of magic {unknown}
 l - a potion of invisibility {unknown}
 m - a potion of attraction {unknown}
 n - 2 potions of heal wounds {unknown}
 x - a potion of berserk rage {unknown}


   Skills:
 + Level 6.4 Fighting
 + Level 4.8(7.1) Short Blades
 + Level 8.2(8.8) Long Blades
 + Level 3.5 Axes
 + Level 3.5 Throwing
 + Level 5.8 Armour
 + Level 5.0 Dodging
 + Level 4.6 Stealth


You had 10 spell levels left.
You didn't know any spells.
Your spell library contained the following spells:

 Spells                   Type           Power      Damage    Failure   Level
 Apportation              Tloc           0%         N/A       99%         1
 Foxfire                  Conj/Fire      0%         2x1d4     99%         1
 Necrotise                Necr           0%         1d4       99%         1
 Summon Small Mammal      Summ           0%         N/A       99%         1
 Scorch                   Fire           0%         2d5       100%        2
 Conjure Flame            Conj/Fire      0%         6-21      100%        3
 Gell's Gravitas          Tloc           0%         N/A       100%        3
 Inner Flame              Hex/Fire       0%         N/A       100%        3
 Ozocubu's Armour         Ice            0%         N/A       100%        3
 Teleport Other           Tloc           0%         N/A       100%        3
 Flame Wave               Conj/Fire      0%         2d4       100%        4
 Fireball                 Conj/Fire      0%         3d3       100%        5
 Metabolic Englaciation   Hex/Ice        0%         N/A       100%        5
 Dispersal                Tloc           0%         N/A       100%        6
 Starburst                Conj/Fire      0%         6d3       100%        6
 Summon Cactus Giant      Summ           0%         N/A       100%        6
 Ignition                 Fire           0%         3d3       100%        8
 Simulacrum               Ice/Necr       Unusable   N/A       N/A         6

Dungeon Overview and Level Annotations

Branches:
Dungeon (9/15)             Temple (0/1) D:6
   Lair: D:8-11         Orc: D:9-12

Altars:
Ashenzari
Elyvilon
Gozag
Nemelex Xobeh
Ru
Trog
Vehumet
Wu Jian
Xom
Zin

Shops:
D:5 ?   D:8 [


Innate Abilities, Weirdness & Mutations

You have razor-sharp teeth.
Your natural rate of healing is unusually fast.
When hurt, damage is shared between your health and your magic reserves.
Your bite disrupts and absorbs the magic of your enemies.
Potions cannot restore your health.
You are strong-willed. (Will+)


Message History

You now have 1707 gold pieces (gained 5).
q - 3 poisoned darts (gained 1)
q - 4 poisoned darts (gained 1)
An orc comes into view. It is wielding a +0 whip.
The orc shouts!
The orc hits you with a +0 whip.
You slash the orc!
You kill the orc!
You now have 1728 gold pieces (gained 21).
Things that are here:
a +0 whip; a +0 chain mail
Things that are here:
a +0 whip; a +0 chain mail A freezing wraith and an orc come into view.
The orc is wielding a +0 flail, quivering poisoned darts and carrying a wand of roots (4).
The orc throws a poisoned dart.
The poisoned dart closely misses you.
The freezing wraith moves out of view.
The freezing wraith hits you. The freezing wraith freezes you!
You feel a terrible chill! The freezing wraith hits you.
The freezing wraith attacks as you move away!
The freezing wraith hits you. The freezing wraith freezes you!!
You feel a terrible chill!
The freezing wraith hits you but does no damage.
The orc zaps a wand.
The roots erupt in riotous growth!
The freezing wraith is unaffected.
The grasping roots grab you! The grasping roots constrict you.
You hear a shout!
You escape the roots grasp.
The freezing wraith attacks as you move away!
The freezing wraith hits you but does no damage. x2
As you read the scroll of teleportation, it crumbles to dust.
You feel strangely unstable.
The freezing wraith hits you but does no damage. x2
The freezing wraith attacks as you move away!
The freezing wraith hits you!
* * * LOW HITPOINT WARNING * * *
The freezing wraith freezes you!!
You feel a terrible chill!
You die...
Your body crumbles into a pile of gold.

####### #.....# ###########
#.....# ..........##########
#.....#
................@W.######.....#
.#.......#########..........>.#
.#.......# .. ##........#.....#
.##.....##....#.........###.###
.####.###.....#.........# #.#
.##........# .$.........# #.#
.#.........#..#.........# #.#
.#...###..##..#.........# #[#
.##....##.#.. ##........# #.#


You could see a freezing wraith.

Vanquished Creatures
  A centaur warrior (D:9)
  A two-headed ogre (D:9)
  Joseph (D:8)
  Maggie (D:8)
  A hornet (D:9)
  2 wyverns
  Eustachio (D:6)
  2 steam dragons (D:8)
  Menkaure (D:7)
  A water moccasin (D:8)
  3 orc warriors (D:9)
  3 black bears
  A sky beast (D:7)
  3 ogres
  2 centaurs
  A kobold brigand (D:6)
  6 bullfrogs
  2 scorpions
  3 necrophages
  7 wights
  19 killer bees
  2 jellies (D:7)
  An orc priest (D:9)
  Crazy Yiuf (D:2)
  3 hounds
  3 orc wizards
  Robin (D:2)
  8 gnolls
  6 adders
  5 shadow imps
  2 white imps
  2 ufetubi
  A worm (D:3)
  2 dart slugs (D:4)
  46 orcs
  5 bats
  3 endoplasms
  3 giant cockroaches
  13 goblins
  8 hobgoblins
  6 jackals
  A quokka (D:2)
  5 ball pythons
  A frilled lizard (D:3)
  13 kobolds
  2 rats
  2 bushes (D:2)
207 creatures vanquished.

Vanquished Creatures (others)
  7 plants (D:2)
7 creatures vanquished.

Grand Total: 214 creatures vanquished

Notes
Turn   | Place    | Note
-------+----------+-------------------------------------------
     0 | D:1      | Tiocfaidh the Vine Stalker Gladiator began the quest for
                  | the Orb.
     0 | D:1      | Reached XP level 1. HP: 11/11 MP: 2/2
   153 | D:1      | Found a faded altar of an unknown god.
   175 | D:1      | Reached XP level 2. HP: 14/15 MP: 3/3
   547 | D:1      | Reached XP level 3. HP: 18/18 MP: 4/4
   633 | D:2      | Noticed Robin
   644 | D:2      | Killed Robin
   811 | D:2      | Gained mutation: Your natural rate of healing is unusually
                  | fast. [Vine Stalker growth]
   811 | D:2      | Reached XP level 4. HP: 23/23 MP: 5/5
   965 | D:2      | Found a runed translucent door.
   966 | D:2      | Noticed Crazy Yiuf
  1520 | D:2      | Killed Crazy Yiuf
  1521 | D:2      | Reached skill level 1 in Armour
  1521 | D:2      | Reached XP level 5. HP: 27/27 MP: 6/6
  1738 | D:3      | Reached skill level 1 in Stealth
  1747 | D:3      | Reached skill level 1 in Short Blades
  1928 | D:3      | Found a white marble altar of Elyvilon.
  1930 | D:3      | Found a broken altar of Ashenzari.
  1930 | D:3      | Found an opulent altar of Gozag.
  1930 | D:3      | Found a bloodstained altar of Trog.
  1930 | D:3      | Found a radiant altar of Vehumet.
  1933 | D:3      | Found a shimmering altar of Xom.
  1934 | D:3      | Found an ornate altar of the Wu Jian Council.
  1935 | D:3      | Found a sacrificial altar of Ru.
  1946 | D:3      | Became a worshipper of Gozag Ym Sagoz the Greedy
  2555 | D:4      | Noticed an ogre
  2565 | D:4      | Noticed an ogre
  2586 | D:4      | Killed an ogre
  2587 | D:4      | Reached XP level 6. HP: 32/32 MP: 7/7
  2969 | D:4      | You fall into a shaft and drop 2 floors!
  2996 | D:6      | Reached XP level 7. HP: 30/36 MP: 5/8
  3018 | D:6      | Found a staircase to the Ecumenical Temple.
  4093 | D:5      | Entered Level 5 of the Dungeon
  4725 | D:5      | Gained mutation: You have razor-sharp teeth. [Vine Stalker
                  | growth]
  4725 | D:5      | Reached XP level 8. HP: 28/41 MP: 6/9
  4895 | D:5      | Found Zeapn's Magic Scroll Boutique.
  4913 | D:5      | Bought a scroll of identify for 24 gold pieces
  5263 | D:7      | Noticed Menkaure
  5267 | D:6      | HP: 1/38 [wight/+4 war axe (6)]
  5476 | D:6      | Found a glowing silver altar of Zin.
  5477 | D:6      | Noticed an angel
  5801 | D:6      | Noticed Eustachio
  5812 | D:6      | Killed Eustachio
  5813 | D:6      | Reached skill level 1 in Long Blades
  5926 | D:6      | Reached XP level 9. HP: 44/45 MP: 10/10
  6193 | D:7      | Reached skill level 2 in Long Blades
  6263 | D:7      | Killed Menkaure
  6435 | D:7      | Reached skill level 3 in Long Blades
  6554 | D:7      | Found a sparkling altar of Nemelex Xobeh.
  6574 | D:7      | Reached skill level 4 in Long Blades
  6970 | D:8      | Reached skill level 5 in Fighting
  7163 | D:8      | Reached skill level 5 in Armour
  7173 | D:8      | Found Xioficw's Antique Armour Shoppe.
  7225 | D:8      | Reached skill level 5 in Long Blades
  7294 | D:8      | Noticed Maggie
  7308 | D:8      | Killed Maggie
  7309 | D:8      | Reached XP level 10. HP: 34/51 MP: 9/11
  7373 | D:8      | Noticed Joseph
  7387 | D:8      | Killed Joseph
  7388 | D:8      | Reached skill level 6 in Long Blades
  7697 | D:9      | Noticed a centaur warrior
  7810 | D:9      | Noticed a two-headed ogre
  7816 | D:9      | Killed a two-headed ogre
  7817 | D:9      | Reached skill level 7 in Long Blades
  7911 | D:9      | Killed a centaur warrior
  7956 | D:9      | HP: 1/53 [poisoned by a killer bee]
  7959 | D:9      | Gained mutation: You are strong-willed. (Will+) [potion of
                  | mutation]
  8124 | D:9      | Paralysed by a hornet for 1 turns
  8135 | D:9      | Identified the +1 chain mail of Nitaax {rF+ rC- rCorr}
  8143 | D:9      | Reached skill level 5 in Dodging
  8157 | D:9      | Reached skill level 8 in Long Blades
  8430 | D:9      | Reached XP level 11. HP: 55/58 MP: 10/12
  8503 | D:9      | Mangled by a freezing wraith

Illustrated notes

Levels and vault maps discovered:
D:1:      sevenhm_arrival_forest_fort_small_3, layout_basic,
          ebering_ecumenical_altar_hall
D:2:      layout_basic, serial_forest, infiniplex_forest_lined_3,
          infiniplex_forest_clump_small, infiniplex_forest_clump_double,
          infiniplex_forest_clump_double, infiniplex_forest_clump_curved,
          infiniplex_forest_zigzag_2, infiniplex_forest_clump_large,
          minmay_tetromino_s2, uniq_crazy_yiuf_cottage, uniq_robin
D:3:      layout_loops_ring, minitemple, cheibrodos_gnoll_hut
D:4:      layout_layer_cave
D:5:      layout_basic, serial_shops, shop
D:6:      cheibrodos_thug_alley, layout_basic, zin_angel, temple_statues,
          uniq_eustachio
D:7:      layout_basic, mainiacjoe_overflow_catwalk, grunt_decor_cap,
          uniq_menkaure
D:8:      layout_basic, serial_shops, nicolae_shop_crystal, uniq_maggie,
          uniq_joseph
D:9:      minmay_curly_fans, layout_rooms, special_room [special_room_orc]

Skill      XL: |  1  2  3  4  5  6  7  8  9 10 |
---------------+-------------------------------+-----
Fighting       | 2 3 4 5 6 |  6.4
Axes           | 3 |  3.5
Armour         | 1 2 3 4 5 |  5.8
Dodging        | 3 4 5 |  5.0
Stealth        | 1 2 3 4 |  4.6
Short Blades   | 1 2 3 4 |  4.8
Throwing       | 2 3 |  3.5
Long Blades    | 1 5 8 |  8.2

Action                   |  1- 3 |  4- 6 |  7- 9 | 10-12 || total
-------------------------+-------+-------+-------+-------++-------
Melee: War axe           |    43 |       |     2 |       ||    45
       Bite              |    16 |   103 |    82 |    31 ||   232
       Dagger            |    28 |   258 |   169 |       ||   455
       Punch             |       |     4 |     5 |       ||     9
       Great sword       |       |       |   114 |   127 ||   241
Throw: Javelin           |       |     9 |     7 |     5 ||    21
       Dart              |       |     4 |     4 |    14 ||    22
  Use: Scroll            |       |     5 |     6 |     2 ||    13
       Potion            |       |     1 |       |     3 ||     4
 Stab: Sleeping          |     2 |     2 |     1 |       ||     5
       Distracted        |       |       |     3 |     1 ||     4
Armor: Leather armour    |    24 |    31 |     5 |       ||    60
       Scale mail        |       |       |    97 |    45 ||   142
       Chain mail        |       |       |       |    36 ||    36
       Plate armour      |       |       |       |    13 ||    13
       Skin              |       |       |       |     1 ||     1
Dodge: Dodged            |    45 |    89 |   159 |   137 ||   430
